 Dungeon Crawl Stone Soup version 0.30-a0-605-gb2882149bf (webtiles) character file.

Game seed: 17372043278885969047

86 acebull12 the Grave Robber (level 4, -2/30 HPs)
             Began as a Demonspawn Necromancer on Jan 7, 2023.
             Slain by Pargi (4 damage)
             ... in a sewer.
             The game lasted 00:07:24 (2116 turns).

acebull12 the Grave Robber (Demonspawn Necromancer) Turns: 2116, Time: 00:07:25

Health: -2/30      AC:  3    Str:  8    XL:     4   Next: 27%
Magic:  4/8        EV: 11    Int: 19    God:
Gold:   137        SH:  4    Dex: 13    Spells: 7/8 levels left

rFire   . . .      SeeInvis .    l - +0 whip
rCold   . . .      Faith    .    (no shield)
rNeg    + . .      Spirit   .    m - +0 leather armour
rPois   .          Reflect  .    (no helmet)
rElec   .          Harm     .    (no cloak)
rCorr   .          Rampage  .    (no gloves)
Will    .....                    (no boots)
Stlth   ++                       (no amulet)
HPRegen 0.25/turn                e - +4 ring of slaying
MPRegen 0.11/turn                p - ring of positive energy

@: no status effects
A: claws 1, condensation shield
a: no special abilities


You were in a sewer.
You visited 1 branch of the dungeon, and saw 3 of its levels.
You also visited: Sewer.

You collected 137 gold pieces.

Inventory:

Hand Weapons
 l - a +0 whip (weapon)
Armour
 a - a +0 robe
 m - a +0 leather armour (worn)
Jewellery
 e - a +4 ring of slaying (left claw)
 p - a ring of positive energy (right claw)
Scrolls
 c - 2 scrolls of identify
 d - a scroll of enchant weapon {unknown}
 f - 2 scrolls of teleportation
 j - a scroll of poison {unknown}
 n - a scroll of torment {unknown}
Potions
 b - a potion of magic
 g - a potion of might {unknown}
 h - a potion of haste {unknown}
 i - a potion of curing {unknown}
 k - a potion of lignification {unknown}


   Skills:
 + Level 0.9 Maces & Flails
 * Level 1.1 Armour
 + Level 1.8 Dodging
 + Level 1.8 Stealth
 + Level 2.7 Spellcasting
 + Level 5.3 Necromancy


You had 7 spell levels left.
You knew the following spells:

 Your Spells              Type           Power      Damage    Failure   Level
a - Necrotise             Necr           88%        1d8       2%          1

Your spell library contained the following spells:

 Spells                   Type           Power      Damage    Failure   Level
 Vampiric Draining        Necr           22%        2d7       8%          3
 Animate Dead             Necr           22%        N/A       24%         4
 Agony                    Necr           22%        N/A       56%         5


Dungeon Overview and Level Annotations

Branches:
Dungeon (3/15)              Sewer (1/1)

Altars:

Annotations:
Sewer Pargi


Innate Abilities, Weirdness & Mutations

You have sharp fingernails.
A meltable shield of frost defends you. (SH +4)


Message History

Confirm with . or Enter, or press ? or * to list all spells.
Aiming: Necrotise (safe; 2% risk of failure)
Press: ? - help, Shift-Dir - straight line, f/p - Pargi
Aim: Pargi (lightly wounded, chance to affect: 86%) Pargi writhes in agony.
Pargi closely misses you. Pargi misses you. Pargi claws you but does no damage.
Casting: Necrotise (safe; 2% risk of failure)
Confirm with . or Enter, or press ? or * to list all spells.
Aiming: Necrotise (safe; 2% risk of failure)
Press: ? - help, Shift-Dir - straight line, f/p - Pargi
Aim: Pargi (moderately wounded, chance to affect: 86%) Pargi writhes in agony!
Pargi bites you. Pargi claws you. x2
Casting: Necrotise (safe; 2% risk of failure)
Confirm with . or Enter, or press ? or * to list all spells.
Aiming: Necrotise (safe; 2% risk of failure)
Press: ? - help, Shift-Dir - straight line, f/p - Pargi
Aim: Pargi (heavily wounded, chance to affect: 86%) Pargi writhes in agony.
Pargi misses you. Pargi claws you but does no damage. Pargi closely misses you.
Casting: Necrotise (safe; 2% risk of failure)
Confirm with . or Enter, or press ? or * to list all spells.
Aiming: Necrotise (safe; 2% risk of failure)
Press: ? - help, Shift-Dir - straight line, f/p - Pargi
Aim: Pargi (heavily wounded, chance to affect: 86%) Pargi barely resists.
Pargi closely misses you. You block Pargi's attack. Pargi claws you.
* * * LOW HITPOINT WARNING * * *
Unknown command.
You hit Pargi.
Pargi is severely wounded.
Pargi bites you.
* * * LOW HITPOINT WARNING * * *
Pargi claws you.
* * * LOW HITPOINT WARNING * * *
Pargi claws you but does no damage. Pargi closely misses you. Pargi misses you.
Pargi closely misses you. Pargi attacks as you move away!
Pargi barely misses you. Pargi claws you.
* * * LOW HITPOINT WARNING * * *
Pargi claws you.
You die...

#######
+.~≈~.+
#.~≈~.#
#.~≈~.#
+.~≈~.+
#.~≈~.#
#.~≈~.####
+.~≈~.T..#
#.~≈~@####
####.~≈~.####
#∩....∩..'..#
####.~≈~.####
#.~≈~.#
+.~≈~.+
#.~≈~.#
#.~≈~.#
+.~≈~.+


You could see Pargi.

Vanquished Creatures
  A gnoll (D:1)
  2 adders (D:2)
  8 bats
  3 endoplasms
  3 giant cockroaches
  2 goblins (D:1)
  2 hobgoblins (D:1)
  4 jackals (D:2)
  4 kobolds (D:2)
  6 quokkas
  8 ball pythons
  2 frilled lizards
  3 rats
48 creatures vanquished.

Vanquished Creatures (collateral kills)
  An endoplasm (D:1)
  A hobgoblin (D:2)
  4 frilled lizards
  A rat (D:1)
7 creatures vanquished.

Grand Total: 55 creatures vanquished

Notes
Turn   | Place    | Note
-------+----------+-------------------------------------------
     0 | D:1      | acebull12 the Demonspawn Necromancer began the quest for
                  | the Orb.
     0 | D:1      | Reached XP level 1. HP: 13/13 MP: 3/3
   187 | D:1      | Gained mutation: You have sharp fingernails. [demonic
                  | ancestry]
   187 | D:1      | Reached XP level 2. HP: 19/19 MP: 1/5
   461 | D:1      | Reached skill level 5 in Necromancy
   574 | D:1      | Reached XP level 3. HP: 24/24 MP: 1/6
  1674 | D:2      | Gained mutation: A meltable shield of frost defends you.
                  | (SH +4) [demonic ancestry]
  1674 | D:2      | Reached XP level 4. HP: 29/30 MP: 7/7
  1718 | D:2      | Reached skill level 1 in Armour
  2071 | D:3      | Found a glowing drain.
  2083 | Sewer    | Entered a sewer
  2095 | Sewer    | Noticed Pargi
  2116 | Sewer    | Slain by Pargi

Illustrated notes

Levels and vault maps discovered:
D:1:      minmay_arrival_stone_box, layout_basic,
          hangedman_decor_clover_reticule
D:2:      layout_basic
D:3:      layout_loops_ring, jmf_multi_god_temple2,
          cheibrodos_sewer_entry_sluice
Sewer:    kennysheep_door_sewer

Skill      XL: |  1  2  3  4 |
---------------+-------------+-----
Necromancy     | 5 |  5.3
Armour         | 1 |  1.1
Maces & Flails | |  0.9
Dodging        | |  1.8
Stealth        | |  1.8
Spellcasting   | |  2.7

Action                   |  1- 3 |  4- 6 || total
-------------------------+-------+-------++-------
Melee: Unarmed           |     5 |       ||     5
       Whip              |    11 |    20 ||    31
 Cast: Necrotise         |    59 |    16 ||    75
  Use: Scroll            |       |     3 ||     3
Armor: Leather armour    |     7 |    16 ||    23
Dodge: Dodged            |    15 |    34 ||    49
Block: Other             |       |    10 ||    10

Table legend: (Time is in decaauts)
 A = Elapsed time spent in this place.
 B = Non-inter-level travel time spent in this place.
 C = Inter-level travel time spent in this place.
 D = Time resting spent in this place.
 E = Time spent auto-exploring this place.
 F = Levels seen in this place.
 G = Mean time per level.
                   A        B        C        D        E       F      G
               +--------+--------+--------+--------+--------+-----+--------+
         Total |   2117 |   1922 |    195 |      0 |   1550 |   4 |  529.2 |
       Dungeon |   2084 |   1889 |    195 |      0 |   1550 |   3 |  694.7 |
         Sewer |     33 |     33 |      0 |      0 |      0 |   1 |   33.0 |
               +--------+--------+--------+--------+--------+-----+--------+

Top non-repeatable levels by time:
     D:1: 1041 daAuts
     D:2: 982 daAuts
     D:3: 61 daAuts
   Sewer: 33 daAuts
